 Dungeon Crawl Stone Soup version 0.23.2-1-ga50397a6bc (webtiles) character file.

Game seed: 8057837204397510810

108 Jaijje the Poker (level 4, 0/36 HPs)
             Began as a Tengu Skald on May 18, 2019.
             Slain by an adder (1 damage)
             ... on level 2 of the Dungeon.
             The game lasted 00:04:49 (1939 turns).

Jaijje the Poker (Tengu Skald)                      Turns: 1939, Time: 00:04:51

Health: 0/36       AC: 22    Str: 12    XL:     4   Next: 87%
Magic:  8/8        EV:  2    Int: 14    God:
Gold:   69         SH:  0    Dex: 13    Spells: 6/7 levels left

rFire    . . .     SeeInvis .   a - +0 spear
rCold    . . .     Gourm    .   (no shield)
rNeg     + + +     Faith    .   (armour currently unavailable)
rPois    +         Spirit   .   (helmet currently unavailable)
rElec    .         Reflect  .   (cloak currently unavailable)
rCorr    .         Harm     .   (gloves currently unavailable)
MR       .....     NoTele   +   (boots unavailable)
Stlth    +.........             (no amulet)
HPRegen  0.12/turn              (no ring)
MPRegen  0.11/turn              (no ring)

@: lethally poisoned (0 -> -3), tree-form
A: frail 1, evolution 1
a: no special abilities


You were on level 2 of the Dungeon.
You were not hungry.
You were a tree.
You visited 1 branch of the dungeon, and saw 2 of its levels.

You collected 69 gold pieces.

Inventory:

Hand Weapons
 a - a +0 spear (weapon)
Missiles
 c - 5 steel javelins (quivered)
Armour
 b - a +0 leather armour (melded)
 l - a +0 scale mail
 o - a +0 cloak (melded)
Jewellery
 g - a cursed ring of attention {unknown}
Scrolls
 f - 3 scrolls of immolation
 i - a scroll of amnesia
 j - a scroll of magic mapping {unknown}
 k - 3 scrolls of teleportation
Potions
 h - 2 potions of magic {unknown}
 m - a potion of berserk rage {unknown}
 n - a potion of curing {unknown}
Comestibles
 d - 4 rations


   Skills:
 + Level 2.6 Fighting
 + Level 3.1 Polearms
 + Level 2.0 Armour
 + Level 2.9 Dodging
 + Level 0.6 Stealth
 + Level 2.4 Spellcasting
 + Level 2.8 Charms


You had 6 spell levels left.
You knew the following spells:

 Your Spells              Type           Power        Failure   Level  Hunger
a - Infusion              Chrm           #...         8%          1    #......

Your spell library contained the following spells:

 Spells                   Type           Power        Failure   Level  Hunger
 Song of Slaying          Chrm           #.......     11%         2    ###....
 Shroud of Golubria       Chrm/Tloc      #.........   19%         2    ###....
 Regeneration             Chrm/Necr      #.........   36%         3    ###....
 Spectral Weapon          Hex/Chrm       #.......     36%         3    ###....


Dungeon Overview and Level Annotations

Branches:
Dungeon (2/15)

Altars:
Dithmenos


Innate Abilities, Weirdness & Mutations

((You have a beak for a mouth.))
((You have claws for feet.))
((You are partially covered in thin metallic scales. (AC +2)))
You are frail. (-10% HP)
You evolve.


Message History

You closely miss the adder.
The adder is severely wounded.
The adder bites you but does no damage. x2
You completely miss the adder.
The adder is severely wounded.
* * * LOW HITPOINT WARNING * * *
You feel sick.
The adder bites you but does no damage. x3
You miss the adder.
The adder is severely wounded.
The adder bites you but does no damage. x3
You barely miss the adder.
The adder is severely wounded.
The adder bites you but does no damage. x2
You hit the adder.
The adder is almost dead.
* * * LOW HITPOINT WARNING * * *
You feel sick. The adder bites you.
* * * LOW HITPOINT WARNING * * *
The adder bites you but does no damage. The adder bites you.
You die...

### ..# ############
#.# #..........#
#.#######.##!..##..#
#....†....##...##..#
.###########.......#
..# #..##...# .##
#..##...# ##
#....♣S.# ##
#####S### .# .?. .#
.#.#. .# #.#.#.# .#
# #.# # .# # ... .#
##. ## #.# .####.##
#.#


You could see 2 adders.

Vanquished Creatures
  Terence (D:2)
  4 adders (D:2)
  2 worms (D:2)
  A leopard gecko (D:1)
  7 bats
  A giant cockroach (D:2)
  3 goblins
  5 hobgoblins
  5 jackals
  5 kobolds
  3 frilled lizards (D:2)
  4 rats
41 creatures vanquished.

Notes
Turn   | Place    | Note
-------+----------+-------------------------------------------
     0 | D:1      | Jaijje the Tengu Skald began the quest for the Orb.
     0 | D:1      | Reached XP level 1. HP: 12/12 MP: 4/4
   161 | D:1      | Reached XP level 2. HP: 16/17 MP: 6/6
   922 | D:2      | Noticed Terence
   928 | D:2      | Killed Terence
   928 | D:2      | Reached XP level 3. HP: 17/22 MP: 3/7
  1044 | D:2      | Reached XP level 4. HP: 18/27 MP: 8/8
  1077 | D:2      | Found a shadowy altar of Dithmenos.
  1113 | D:2      | Gained mutation: You evolve. [potion of mutation]
  1113 | D:2      | Gained mutation: You are partially covered in thin metallic
                  | scales. (AC +2) [potion of mutation]
  1126 | D:2      | HP: 2/40 [poisoned by an adder]
  1395 | D:2      | Reached skill level 3 in Polearms
  1928 | D:2      | Gained mutation: You are frail. (-10% HP) [evolution]
  1939 | D:2      | HP: 1/36 [adder (2)]
  1939 | D:2      | Slain by an adder

Skill      XL: |  1  2  3  4 |
---------------+-------------+-----
Polearms       | 3 |  3.1
Armour         | 2 |  2.0
Fighting       | |  2.6
Dodging        | |  2.9
Stealth        | |  0.6
Spellcasting   | |  2.4
Charms         | |  2.8

Action                   |  1- 3 |  4- 6 || total
-------------------------+-------+-------++-------
Melee: Spear             |    68 |    91 ||   159
       Kick              |     8 |    15 ||    23
       Peck              |     7 |    12 ||    19
 Cast: Infusion          |     2 |     1 ||     3
  Use: Potion            |       |     5 ||     5
       Scroll            |       |     3 ||     3
 Stab: Sleeping          |       |     1 ||     1
  Eat: Chunk             |       |     3 ||     3
Armor: Leather armour    |    14 |    21 ||    35
       Skin              |       |    37 ||    37
Dodge: Dodged            |    33 |    50 ||    83
